 Dungeon Crawl Stone Soup version 0.31-a0-986-g5e6e4ef867 (webtiles) character file.

Game seed: 3844148976183526103

15268 backslashecho the Cleaver (level 11, -4/92 HPs)
             Began as a Mummy Fighter on Nov 11, 2023.
             Was an Initiate of Okawaru.
             Slain by a komodo dragon (24 damage)
             ... on level 1 of the Lair of Beasts.
             The game lasted 00:36:03 (18457 turns).

backslashecho the Cleaver (Mummy Fighter)          Turns: 18457, Time: 00:36:04

Health: -4/92      AC: 11    Str: 32    XL:     11   Next: 99%
Magic:  20/20      EV: 10    Int:  7    God:    Okawaru [......]
Gold:   180        SH:  6    Dex: 10    Spells: 10/10 levels left

rFire   + . .        a - +0 war axe (flame)
rCold   + + .        c - +0 buckler
rNeg    + + +        b - +0 scale mail
rPois   ∞            (no helmet)
rElec   .            w - scarf of Watchfulness {rC+ rF+, Rampage rCorr MP+9 Dex-3}
rCorr   +            d - +2 pair of gloves {Str+3}
SInv    .            n - +1 pair of boots
Will    +....        (no amulet) Stlth
                     i - ring of protection from fire
HPRegen 0.35/turn    k - +6 ring of strength
MPRegen 0.17/turn

%: rampage, faith
@: frozen, very slow
A: cold resistance 1, negative energy resistance 3, torment resistance 2, heat
vulnerability 1, in touch with death 1, no potions, faith
a: Renounce Religion


You were on level 1 of the Lair of Beasts.
You worshipped Okawaru.
Okawaru was noncommittal.
You visited 3 branches of the dungeon, and saw 14 of its levels.

You collected 595 gold pieces.
You spent 415 gold pieces at shops.

Inventory:

Hand Weapons
 a - a +0 war axe of flaming (weapon)
Missiles
 f - 3 javelins
 o - 51 poisoned darts (quivered)
Armour
 b - a +0 scale mail (worn)
 c - a +0 buckler (worn)
 d - a +2 pair of gloves of strength (worn)
 n - a +1 pair of boots (worn)
 w - the scarf of Watchfulness (worn) {rC+ rF+, Rampage rCorr MP+9 Dex-3}
   (You bought it in a shop on level 5 of the Dungeon)

   Dex-3:     It affects your dexterity (-3).
   MP+9:      It affects your magic capacity (+9).
   rCorr:     It protects you from acid and corrosion.
   Rampage:   It bestows one free step when moving towards enemies.
Jewellery
 h - the ring "Qikoreg" {rPois rC+ Stlth+}
   (You bought it in a shop on level 5 of the Dungeon)

   [ring of protection from cold]

   rC+:       It protects you from cold.
   rPois:     It protects you from poison Stlth+: It makes you more stealthy.
 i - a ring of protection from fire (left hand)
 k - a +6 ring of strength (right hand)
 q - a ring of protection from fire
 r - a ring of ice
Wands
 g - a wand of flame (7)
 t - a wand of quicksilver (3)
 u - a wand of mindburst (6)
Scrolls
 e - 4 scrolls of immolation
 j - a scroll of amnesia {unknown}
 l - 7 scrolls of identify
 m - 2 scrolls of revelation
 p - 3 scrolls of teleportation
 v - a scroll of enchant armour
 x - a scroll of vulnerability


   Skills:
 + Level 10.3 Fighting
 * Level 11.9 Axes
 - Level 2.4 Armour
 + Level 8.7 Shields
 + Level 0.0 Invocations


You had 10 spell levels left.
You didn't know any spells.
Your spell library contained the following spells:

 Spells                   Type           Power      Damage    Failure   Level
 Sting                    Tmut/Pois      0%         1d3       71%         1
 Poisonous Vapours        Pois/Air       0%         N/A       83%         2
 Dazzling Flash           Conj/Hex       0%         N/A       97%         3
 Sigil of Binding         Hex            0%         N/A       97%         3
 Volatile Blastmotes      Fire/Tloc      0%         2d10      97%         3
 Dimensional Bullseye     Hex/Tloc       0%         N/A       100%        4
 Fulminant Prism          Conj/Hex       0%         3d5       100%        4
 Iskenderun's Mystic Bla  Conj/Tloc      0%         2d3       100%        4
 Leda's Liquefaction      Hex/Erth       0%         N/A       100%        4
 Olgreb's Toxic Radiance  Pois           0%         N/A       100%        4
 Agony                    Necr           0%         N/A       100%        5
 Silence                  Hex/Air        0%         N/A       100%        5
 Call Canine Familiar     Summ           Unusable   N/A       N/A         3

Dungeon Overview and Level Annotations

Branches:
Dungeon (12/15)            Temple (1/1) D:6            Lair (1/5) D:9
    Orc: D:9-12

Altars:
Ashenzari
Cheibriados
Dithmenos
Fedhas
Gozag
Hepliaklqana
Kikubaaqudgha
Makhleb
Nemelex Xobeh
Okawaru
Qazlal
Ru
Sif Muna
Trog
Uskayaw
Vehumet
Wu Jian
Xom
Yredelemnul

Shops:
D:1 [   D:5 [**!!   D:11 *


Innate Abilities, Weirdness & Mutations

You are immune to poison.
Your flesh is cold resistant. (rC+)
You are immune to negative energy. (rN+++)
You are immune to unholy pain and torment.
You are vulnerable to heat. (rF-)
You are in touch with the powers of death.
You do not drink.
You have a special connection with the divine. (Faith)


Message History

You start waiting.
Done waiting.
You start waiting.
Done waiting.
You start waiting.
Done waiting.
You start waiting.
Done waiting.
You start waiting.
Done waiting.
You start waiting.
Done waiting.
You start waiting.
Done waiting.
You start waiting.
Done waiting.
You climb downwards.
Welcome back to the Lair of Beasts!
The blink frog barely misses you. The blink frog hits you.
The blink frog blinks!
The blink frog closely misses you. The komodo dragon bites you!!
The blink frog hits you. The blink frog barely misses you.
The komodo dragon bites you but does no damage.
There is a staircase back to the Dungeon here.
You take 26 damage, and have 66/92 hp.
MASSIVE DAMAGE!!
As you read the scroll of teleportation, it crumbles to dust.
You feel strangely unstable. The blink frog hits you!
The blink frog blinks! x2
The blink frog hits you but does no damage.
You block the komodo dragon's attack.
You take 10 damage, and have 56/92 hp.
The blink frog blinks!
Your surroundings suddenly seem different.
A rime drake, a cane toad and a komodo dragon come into view.
Found 10 gold pieces.
The rime drake hisses angrily.
The cane toad gives a loud, deep croak!
The komodo dragon hisses angrily.
The rime drake breathes ice at you. The icy flash freeze hits you!!
You partially resist.
You are encased in ice.
The cane toad moves out of view.
You hear a shout!
You take 18 damage, and have 38/92 hp.
You hit the komodo dragon. You burn the komodo dragon.
The komodo dragon is lightly wounded.
The komodo dragon bites you!!
* * * LOW HITPOINT WARNING * * *
You take 18 damage, and have 20/92 hp.
You hit the komodo dragon. You burn the komodo dragon.
The komodo dragon is moderately wounded.
The komodo dragon bites you!!
You die...

## #.# ##...
####.....
####........
####...........
......l....k...
#.@.......
#.........
#...$.....
.........#
...........
............
.............
..............


You could see a komodo dragon and a rime drake (catching breath).

Vanquished Creatures
  Erolcha (D:9)
  Erica (D:11)
  2 two-headed ogres (D:10)
  Nergalle (D:10)
  Pikel (D:9)
  3 cyclopes
  2 ugly things (D:11)
  An efreet (D:11)
  5 trolls
  A hornet (D:11)
  A shadow (D:9)
  10 yaks
  2 wraiths (D:11)
  A wyvern (D:10)
  2 basilisks (D:11)
  6 vampire mosquitoes
  2 steam dragons
  Menkaure (D:4)
  2 acid dragons (D:11)
  2 water moccasins
  A sky beast (D:4)
  An ice beast (D:5)
  5 orc warriors
  3 ogres
  A wolf (D:9)
  5 centaurs
  A lemure (D:9)
  A phantom (D:6)
  3 kobold brigands
  A bullfrog (D:6)
  A gnoll sergeant (D:7)
  3 scorpions
  12 wights
  10 killer bees
  2 electric eels (D:9)
  13 howler monkeys
  A jelly (D:6)
  8 hounds
  8 orc priests
  Ijyb (D:3)
  5 iguanas
  9 orc wizards
  5 gnolls
  9 adders
  4 ufetubi
  4 worms
  A dart slug (D:2)
  32 orcs
  7 bats
  6 endoplasms
  7 giant cockroaches
  9 goblins
  4 hobgoblins
  4 jackals (D:1)
  19 kobolds
  5 quokkas
  5 ball pythons
  3 frilled lizards (D:1)
  10 rats
276 creatures vanquished.

Notes
Turn   | Place    | Note
-------+----------+-------------------------------------------
     0 | D:1      | backslashecho the Mummy Fighter began the quest for the
                  | Orb.
     0 | D:1      | Reached XP level 1. HP: 18/18 MP: 1/1
    60 | D:1      | Found Udobepro's Armour Shoppe.
    79 | D:1      | Reached skill level 2 in Axes
    79 | D:1      | Reached XP level 2. HP: 23/24 MP: 2/2
   257 | D:1      | Found a faded altar of an unknown god.
   423 | D:1      | Reached XP level 3. HP: 23/29 MP: 3/3
  1043 | D:2      | Reached XP level 4. HP: 25/35 MP: 4/4
  1351 | D:3      | Reached skill level 3 in Axes
  1411 | D:3      | You fall into a shaft and drop 2 floors!
  1411 | D:5      | Entered Level 5 of the Dungeon
  1426 | D:5      | Noticed a scorpion
  1449 | D:5      | Found Etiuc's Distillery.
  1568 | D:4      | Noticed Menkaure
  1727 | D:4      | Reached XP level 5. HP: 23/42 MP: 5/5
  1953 | D:3      | Noticed Ijyb
  1965 | D:3      | Killed Ijyb
  2923 | D:4      | Noticed a sky beast
  2936 | D:4      | Killed a sky beast
  2937 | D:4      | Reached skill level 4 in Axes
  2937 | D:4      | Reached XP level 6. HP: 33/49 MP: 6/6
  2992 | D:4      | Killed Menkaure
  3267 | D:5      | Reached XP level 7. HP: 54/55 MP: 7/7
  3630 | D:5      | Reached skill level 5 in Fighting
  3630 | D:5      | Reached skill level 5 in Axes
  3842 | D:5      | Found Valuip's Assorted Antiques.
  3852 | D:5      | Bought an ancient ivory ring for 135 gold pieces
  3852 | D:5      | Identified the ring "Qikoreg" {rPois rC+ Stlth+} (You
                  | bought it in a shop on level 5 of the Dungeon)
  3860 | D:5      | Found Akuela's Antique Armour Shoppe.
  3903 | D:5      | Found Yhak's Assorted Antiques.
  4111 | D:5      | Found Imiled's Distillery.
  4342 | D:6      | Reached XP level 8. HP: 62/63 MP: 8/8
  4429 | D:6      | Found an ornate altar of the Wu Jian Council.
  4602 | D:6      | Reached skill level 6 in Axes
  4815 | D:6      | Found a shimmering blue altar of Sif Muna.
  4815 | D:6      | Found a broken altar of Ashenzari.
  4815 | D:6      | Found a stormy altar of Qazlal.
  4954 | D:5      | Reached skill level 5 in Shields
  5137 | D:6      | Found a bloodstained altar of Trog.
  5520 | D:6      | Reached skill level 7 in Axes
  5525 | D:6      | Reached XP level 9. HP: 43/71 MP: 9/9
  5626 | D:6      | Found a staircase to the Ecumenical Temple.
  5664 | D:6      | Found a snail-covered altar of Cheibriados.
  5692 | Temple   | Entered the Ecumenical Temple
  6865 | D:8      | Reached skill level 8 in Axes
  7950 | D:9      | Noticed Pikel
  7951 | D:9      | Noticed a cyclops
  8417 | D:9      | Noticed Erolcha
  8423 | D:9      | Killed Erolcha
  8424 | D:9      | Reached skill level 9 in Axes
  8424 | D:9      | Reached XP level 10. HP: 80/80 MP: 10/10
  8455 | D:9      | Killed a cyclops
  8469 | D:9      | Killed Pikel
  8928 | D:9      | Found a staircase to the Lair.
  9506 | D:10     | Entered Level 10 of the Dungeon
  9737 | D:10     | Reached skill level 10 in Axes
  9865 | D:10     | Noticed a two-headed ogre
  9885 | D:10     | Killed a two-headed ogre
 10108 | D:10     | Reached XP level 11. HP: 84/89 MP: 11/11
 10187 | D:10     | Found a blossoming altar of Fedhas.
 10187 | D:10     | Noticed a two-headed ogre
 10562 | D:5      | Bought a fading scarf for 280 gold pieces
 10562 | D:5      | Identified the scarf of Watchfulness {rC+ rF+, Rampage
                  | rCorr MP+9 Dex-3} (You bought it in a shop on level 5 of
                  | the Dungeon)
 10786 | D:10     | Found a hazy altar of Hepliaklqana.
 10850 | D:10     | Killed a two-headed ogre
 11152 | D:10     | Noticed Nergalle
 11166 | D:10     | Killed Nergalle
 11668 | D:10     | Found an opulent altar of Gozag.
 11668 | D:10     | Found an ancient bone altar of Kikubaaqudgha.
 12086 | D:11     | Found Akuela's Overcharged Wands.
 12344 | D:11     | Reached skill level 11 in Axes
 12968 | D:11     | Noticed Erica
 12987 | D:11     | Killed Erica
 13122 | D:11     | Reached skill level 10 in Fighting
 13221 | D:11     | Identified the +2 cloak of the Dice {-Tele Harm Str+3}
 13546 | D:12     | Identified the "Idigiemp"
 13928 | D:12     | Noticed a boulder beetle
 14405 | D:12     | Noticed a boulder beetle
 14443 | D:12     | Noticed a green ugly thing
 14452 | D:11     | Killed a green ugly thing
 14465 | D:12     | Noticed a green ugly thing
 14467 | D:12     | Noticed a two-headed ogre
 14694 | D:12     | Noticed a deep elf pyromancer
 14704 | D:11     | Killed a green ugly thing
 14923 | Temple   | Became a worshipper of Warmaster Okawaru
 15091 | Lair:1   | Entered Level 1 of the Lair of Beasts
 15100 | Lair:1   | HP: 4/92 [blink frog (6)]
 18457 | Lair:1   | Slain by a komodo dragon

Illustrated notes

Levels and vault maps discovered:
D:1:      lightli_arrival_quake, layout_rooms, serial_shops, shop,
          hellmonk_ecumenical_altar_blasted, serial_aquarium,
          aquarium_bridge_square [aquarium_subvault_bridge,
          aquarium_subvault_bridge, aquarium_subvault_window,
          aquarium_subvault_balcony], aquarium_window_fake,
          aquarium_window_corridor_1, aquarium_view_2g, aquarium_view_2d,
          aquarium_balcony_3a
D:2:      layout_rooms, roderic_serpentine_path, minmay_tall_x
D:3:      layout_loops_ring, uniq_ijyb
D:4:      layout_cave_pods, hangedman_decor_lopped, minmay_surrounded,
          uniq_menkaure
D:5:      layout_gridville, serial_shops, shop, shop, nicolae_shop_waterfront,
          shop, shop
D:6:      layout_loops_ring, nicolae_wu_jian_wuxing_cycle, trog_butcher_becter,
          general_overflow_altar, chequers_temple_overflow_statue_of_worship,
          minmay_temple_entry_nine_rooms
D:7:      layout_gridville
D:8:      layout_basic
D:9:      layout_loops_cross, erik_lair_island, hangedman_decor_slide_cut,
          uniq_erolcha, uniq_pikel
D:10:     layout_layer_cave, mainiacjoe_overflow_chevrons,
          mainiacjoe_overflow_small_starburst, nicolae_overflow_two_pavilions,
          kennysheep_generic_room_6, uniq_nergalle
D:11:     layout_irregular_city, nicolae_shop_overcharged_wands, uniq_erica
D:12:     cheibrodos_ideogram_h, layout_basic,
          kennysheep_orc_monster_closet_entryway, slow_altar_2
Temple:   hellmonk_temple_of_storms
Lair:1:   kb_forest_paths, layout_cave_shapes, serial_rivers,
          chequers_serial_rivers_large_a, chequers_serial_rivers_micro_e,
          chequers_serial_rivers_marsh, chequers_serial_rivers_micro_c,
          chequers_serial_rivers_room_b, uniq_urug

Skill      XL: |  1  2  3  4  5  6  7  8  9 10 11 |
---------------+----------------------------------+-----
Axes           | 2 3 4 5 7 9 10 11 | 11.9
Shields        | 3 4 5 6 7 8 |  8.7
Fighting       | 4 5 6 7 9 10 | 10.3
Armour         | |  2.4

Action                     |  1- 3 |  4- 6 |  7- 9 | 10-12 || total
---------------------------+-------+-------+-------+-------++-------
  Melee: War axe           |   108 |   117 |   404 |   409 ||  1038
  Throw: Dart              |       |       |     6 |     9 ||    15
         Javelin           |       |       |     3 |       ||     3
         Throwing net      |       |       |     1 |     1 ||     2
  Evoke: Wand              |       |     5 |     5 |    11 ||    21
    Use: Scroll            |       |     3 |     4 |     5 ||    12
   Stab: Held in net/web   |       |       |     1 |     1 ||     2
         Paralysed         |       |       |       |     1 ||     1
 Armour: Scale mail        |    94 |   122 |   342 |   387 ||   945
  Dodge: Dodged            |    64 |    57 |   197 |   188 ||   506
  Block: Buckler           |    29 |    22 |   114 |   114 ||   279

Table legend: (Time is in decaauts)
 A = Elapsed time spent in this place.
 B = Non-inter-level travel time spent in this place.
 C = Inter-level travel time spent in this place.
 D = Time resting spent in this place.
 E = Time spent auto-exploring this place.
 F = Levels seen in this place.
 G = Mean time per level.
                   A        B        C        D        E       F      G
               +--------+--------+--------+--------+--------+-----+--------+
         Total |  18666 |  17042 |   1624 |   7305 |   6626 |  14 | 1333.3 |
       Dungeon |  18606 |  17025 |   1581 |   7305 |   6626 |  12 | 1550.5 |
        Temple |     43 |      2 |     41 |      0 |      0 |   1 |   43.0 |
          Lair |     16 |     16 |      0 |      0 |      0 |   1 |   16.0 |
               +--------+--------+--------+--------+--------+-----+--------+

Top non-repeatable levels by time:
     D:9: 5147 daAuts
    D:11: 2332 daAuts
    D:10: 1989 daAuts
     D:8: 1960 daAuts
     D:6: 1548 daAuts
     D:5: 1390 daAuts
     D:4: 1087 daAuts
     D:3: 889 daAuts
     D:1: 754 daAuts
     D:7: 733 daAuts
     D:2: 637 daAuts
    D:12: 135 daAuts
  Temple: 43 daAuts
  Lair:1: 16 daAuts
